 Dungeon Crawl Stone Soup version 0.22-a0-558-gc224181 (webtiles) character file.

2009 inc the Basher (level 9, -7/96 HPs)
             Began as an Ogre Hunter on June 27, 2018.
             Was a Believer of Okawaru.
             Mangled by an orc warrior
             ... wielding a cursed +0 flail
              (28 damage)
             ... on level 7 of the Dungeon.
             The game lasted 00:09:37 (5075 turns).

inc the Basher (Ogre Hunter)                        Turns: 5075, Time: 00:09:38

Health: -7/96      AC: 10    Str: 21    XL:     9   Next: 22%
Magic:  7/9        EV: 22    Int: 12    God:    Okawaru [**....]
Gold:   67         SH:  0    Dex:  9    Spells: 8/8 levels left

rFire    . . .     SeeInvis .   J - +0 flail (protect)
rCold    . . .     Gourm    .   (no shield)
rNeg     . . .     Faith    .   b - +0 robe
rPois    .         Spirit   .   (helmet restricted)
rElec    .         Reflect  .   (no cloak)
rCorr    .         Harm     .   (gloves unavailable)
MR       .....                  (boots unavailable)
Stlth    +++.......             (no amulet)
HPRegen  0.26/turn              m - +5 ring of evasion
MPRegen  0.11/turn              B - +5 ring of evasion

@: heroism, protection aura
A: large, unfitting armour, tough skin 1
a: Heroism, Renounce Religion


You were on level 7 of the Dungeon.
You worshipped Okawaru.
Okawaru was pleased with you.
You were near starving.

You visited 2 branches of the dungeon, and saw 8 of its levels.

You collected 210 gold pieces.
You spent 143 gold pieces at shops.

Inventory:

Hand Weapons
 a - a +0 short sword
 s - a +0 whip
 y - a +0 flail
 J - a +0 flail of protection (weapon)
Missiles
 d - a throwing net
 e - 5 curare-tipped needles
 l - 44 poisoned needles
 H - 2 large rocks (quivered)
Armour
 b - a +0 robe (worn)
Magical Staves
 u - an uncursed staff of power
Jewellery
 m - a +5 ring of evasion (left hand)
 A - an uncursed ring of poison resistance
 B - a +5 ring of evasion (right hand)
 I - an uncursed ring of magical power
Wands
 n - a wand of random effects (21)
 E - a wand of scattershot (6)
 N - a wand of flame (39)
Scrolls
 c - a scroll of fog {unknown}
 i - 5 scrolls of remove curse {unknown}
 o - 2 scrolls of blinking {unknown}
 q - 3 scrolls of teleportation
 r - 2 scrolls of enchant armour {unknown}
 v - 3 scrolls of enchant weapon {unknown}
 w - a scroll of noise {unknown}
 C - 2 scrolls of amnesia {unknown}
 D - a scroll of immolation {unknown}
 K - a scroll of fear {unknown}
 M - 2 scrolls of identify
Potions
 g - a potion of haste {unknown}
 h - 2 potions of heal wounds
 j - 2 potions of berserk rage
 k - a potion of resistance
 p - a potion of brilliance {unknown}
 t - a potion of flight {unknown}
 x - 5 potions of curing
 z - a potion of cancellation {unknown}
 F - a potion of ambrosia {unknown}
 G - 2 potions of might
 L - a potion of magic {unknown}
Comestibles
 f - 12 rations


   Skills:
 - Level 8.0(13.0) Fighting
 + Level 9.4(14.4) Maces & Flails
 - Level 4.0(9.0) Throwing
 - Level 1.7(6.7) Dodging
 - Level 0.6(5.6) Stealth


You had 8 spell levels left.
You didn't know any spells.
Your spell library was empty.

Dungeon Overview and Level Annotations

Branches:
Dungeon (7/15)             Temple (1/1) D:4

Altars:
Ashenzari
Cheibriados
Dithmenos
Gozag
Hepliaklqana
Kikubaaqudgha
Makhleb
Nemelex Xobeh
Okawaru
Qazlal
Ru
Sif Muna
Trog
Uskayaw
Vehumet
Wu Jian
Xom
Yredelemnul
Zin
The Shining One

Shops:
D:5 !


Innate Abilities, Weirdness & Mutations

You are too large for most types of armour.
You have tough skin. (AC +1)


Message History

The orc warrior is heavily wounded.
The orc warrior hits you with a flail!!
You hit the orc warrior but do no damage.
The orc warrior is heavily wounded.
Throwing (i - inventory. (/) - cycle)
H - 4 large rocks (quivered)
Press: ? - help, Shift-Dir - straight line, f - orc warrior
Aim: an orc warrior, wielding a flail and wearing a chain mail (heavily wounded)
You throw a large rock.
The large rock hits the orc warrior but does no damage.
The orc warrior is heavily wounded.
The orc warrior hits you with a flail!
* * * LOW HITPOINT WARNING * * *
The orc warrior barely misses you.
Throwing (i - inventory. (/) - cycle)
H - 3 large rocks (quivered)
Press: ? - help, Shift-Dir - straight line, f/p - orc warrior
Aim: an orc warrior, wielding a flail and wearing a chain mail (heavily wounded)
You throw a large rock. The large rock hits the orc warrior!
The orc warrior is severely wounded.
The orc warrior hits you with a flail!!
You die...

.....[.... ...###.
#...#.....
#......##.......##.
#.........<.##.....
###.....####.....#
.....# #.###.#
###...######.# ..
.###..o.........# .
......)@........#
....>##)........#
... #..###....# .
.....# #....#
#####.# #.##.# #.#
#....# #.# ######
#.# #..


You could see an orc warrior.

Vanquished Creatures
  Sigmund (D:2)
  A hungry ghost (D:6)
  Menkaure (D:7)
  Edmund (D:6)
  A sky beast (D:5)
  2 ogres (D:5)
  A phantom (D:4)
  A centaur (D:4)
  7 bullfrogs
  4 crimson imps
  2 hounds (D:4)
  2 orc priests
  3 bullfrog skeletons
  Jessica (D:2)
  A centaur skeleton (D:7)
  2 orc wizards (D:4)
  2 worker ants
  5 adders
  3 worms
  2 dart slugs
  2 leopard geckos
  2 orcs
  10 giant cockroaches
  3 goblins
  7 hobgoblins
  6 jackals
  6 kobolds
  2 quokkas
  2 ball pythons
  13 bats
  3 frilled lizards
  A jackal skeleton (D:4)
  A quokka skeleton (D:5)
  8 rats
109 creatures vanquished.

Notes
Turn   | Place    | Note
-------+----------+-------------------------------------------
     0 | D:1      | inc the Ogre Hunter began the quest for the Orb.
     0 | D:1      | Reached XP level 1. HP: 22/22 MP: 1/1
    54 | D:1      | Reached XP level 2. HP: 25/31 MP: 2/2
   608 | D:1      | Reached XP level 3. HP: 39/40 MP: 3/3
   991 | D:2      | Noticed Sigmund
   999 | D:2      | Killed Sigmund
   999 | D:2      | Reached XP level 4. HP: 33/55 MP: 4/4
   999 | D:2      | Reached XP level 5. HP: 37/62 MP: 5/5
  1355 | D:2      | Noticed Jessica
  1356 | D:2      | Killed Jessica
  1892 | D:3      | Found a burning altar of Makhleb.
  1931 | D:3      | Reached XP level 6. HP: 71/72 MP: 6/6
  2269 | D:3      | Reached skill level 1 in Maces & Flails
  2528 | D:3      | Found a stormy altar of Qazlal.
  2687 | D:4      | Reached skill level 2 in Maces & Flails
  2694 | D:4      | Noticed a phantom
  2713 | D:4      | Killed a phantom
  2713 | D:4      | Reached skill level 3 in Maces & Flails
  2775 | D:4      | Reached XP level 7. HP: 73/80 MP: 7/7
  2998 | D:4      | Reached skill level 4 in Maces & Flails
  3233 | D:4      | Found a basalt altar of Yredelemnul.
  3245 | D:5      | Entered Level 5 of the Dungeon
  3256 | D:5      | Reached skill level 5 in Maces & Flails
  3316 | D:5      | Found a sacrificial altar of Ru.
  3442 | D:4      | Found a staircase to the Ecumenical Temple.
  3448 | Temple   | Entered the Ecumenical Temple
  3584 | Temple   | Became a worshipper of Warmaster Okawaru
  3878 | D:5      | Reached XP level 8. HP: 73/88 MP: 8/8
  3904 | D:5      | Reached skill level 6 in Maces & Flails
  4132 | D:5      | Found Jikofuem's Distillery.
  4135 | D:5      | Bought a potion of heal wounds for 55 gold pieces
  4135 | D:5      | Bought a potion of might for 44 gold pieces
  4135 | D:5      | Bought a potion of might for 44 gold pieces
  4243 | D:6      | Reached * piety under Okawaru
  4243 | D:6      | Reached skill level 7 in Maces & Flails
  4412 | D:6      | Noticed Edmund
  4415 | D:6      | Killed Edmund
  4415 | D:6      | Reached skill level 8 in Maces & Flails
  4480 | D:6      | Reached XP level 9. HP: 88/96 MP: 9/9
  4626 | D:6      | Found a basalt altar of Yredelemnul.
  4851 | D:6      | Found a deep blue altar of Sif Muna.
  5027 | D:7      | Noticed Menkaure
  5032 | D:7      | Reached skill level 9 in Maces & Flails
  5039 | D:7      | Killed Menkaure
  5039 | D:7      | Reached ** piety under Okawaru
  5075 | D:7      | Mangled by an orc warrior

Vault maps used:
D:1:      minmay_arrival_checkered_box, minmay_misc_feat_enclosed,
          minmay_misc_feat_diagonals
D:2:      first_ration, uniq_sigmund, uniq_jessica
D:3:      grunt_qazlal_sundering, bloody_makhleb
D:4:      lemuel_upstairs_altar, minmay_temple_entry_enclosed_plants,
          kennysheep_generic_room_6
D:5:      nicolae_overflow_crystal_walls, serial_shops, kennysheep_mini_moat
D:6:      lemuel_round_altar, led_sif_book, uniq_edmund
D:7:      cheibrodos_grave_circle, serial_shops, nicolae_shop_window_shopping,
          uniq_pikel, uniq_menkaure
Temple:   nicolae_temple_elliptical

Skill      XL: |  1  2  3  4  5  6  7  8  9 |
---------------+----------------------------+-----
Fighting       | 3 4 7 8 |  8.0
Maces & Flails | 3 5 8 9 |  9.4
Throwing       | |  4.0
Dodging        | |  1.7
Stealth        | |  0.6

Action                   |  1- 3 |  4- 6 |  7- 9 || total
-------------------------+-------+-------+-------++-------
Melee: Short sword       |   117 |    57 |       ||   174
       Whip              |       |    98 |       ||    98
       Flail             |       |     6 |   200 ||   206
       Punch             |       |       |     1 ||     1
Throw: Large rock        |     3 |    11 |    20 ||    34
       Throwing net      |       |       |     1 ||     1
Invok: Heroism           |       |       |     2 ||     2
  Use: Scroll            |       |       |     4 ||     4
 Stab: Sleeping          |       |       |     1 ||     1
       Held in net/web   |       |       |     1 ||     1
  Eat: Chunk             |       |     6 |     7 ||    13
Armor: Robe              |    59 |    42 |    20 ||   121
Dodge: Dodged            |    80 |   133 |   182 ||   395

Table legend:
 A = Spawn XP
 B = Non-spawn XP
 C = Spawn XP percentage of total XP
 D = Spawn monster count
 E = Non-spawn monster count
 F = Spawn count percentage of total count
 G = Total turns spent on level
                    A         B        C        D         E        F      G
               +---------+---------+-------+---------+---------+-------+---------
         Total |       0 |    2870 |   0.0 |       0 |     109 |   0.0 |  5075
               +---------+---------+-------+---------+---------+-------+---------
           D:1 |       0 |      36 |   0.0 |       0 |      22 |   0.0 |   783
           D:2 |       0 |     273 |   0.0 |       0 |      17 |   0.0 |  1041
           D:3 |       0 |      99 |   0.0 |       0 |      20 |   0.0 |   856
           D:4 |       0 |     574 |   0.0 |       0 |      23 |   0.0 |   797
           D:5 |       0 |     642 |   0.0 |       0 |      11 |   0.0 |   587
           D:6 |       0 |     898 |   0.0 |       0 |      11 |   0.0 |   797
           D:7 |       0 |     348 |   0.0 |       0 |       5 |   0.0 |    49
               +---------+---------+-------+---------+---------+-------+---------
